 Seeded DCSS version 0.28.0-53-g5a82cb258f (webtiles) character file.

Game seed: 1973 (custom seed)

69 Kazon the Skirmisher (level 4, -1/35 HPs)
             Began as a Demonspawn Fighter on July 13, 2022.
             Slain by a gnoll
             ... wielding a +0 club
              (8 damage)
             ... on level 2 of the Dungeon.
             The game lasted 00:04:15 (1022 turns).

Kazon the Skirmisher (Demonspawn Fighter)           Turns: 1022, Time: 00:04:16

Health: -1/35      AC:  6    Str: 18    XL:     4   Next: 2%
Magic:  4/4        EV:  9    Int:  9    God:
Gold:   94         SH:  4    Dex: 13    Spells: 3/3 levels left

rFire   . . .      SeeInvis .   e - +2 dagger (vamp)
rCold   . . .      Faith    .   c - +0 buckler
rNeg    . . .      Spirit   .   b - +0 scale mail
rPois   .          Reflect  .   (no helmet)
rElec   .          Harm     .   (no cloak)
rCorr   .          Rampage  .   (no gloves)
Will    .....                   (no boots)
Stlth   ..........              (no amulet)
HPRegen 0.11/turn               (no ring)
MPRegen 0.09/turn               (no ring)

@: no status effects
A: powered by death 1, powered by pain 1
a: no special abilities


You were on level 2 of the Dungeon.
You visited 1 branch of the dungeon, and saw 2 of its levels.

You collected 94 gold pieces.

Inventory:

Hand Weapons
 a - a +0 rapier
 e - a +2 vampiric dagger (weapon)
Missiles
 f - 34 stones (quivered)
Armour
 b - a +0 scale mail (worn)
 c - a +0 buckler (worn)
Scrolls
 h - a scroll of teleportation {unknown}
 i - a scroll of noise {unknown}
Potions
 d - 2 potions of might
 g - a potion of ambrosia {unknown}
 j - 2 potions of berserk rage {unknown}
 k - a potion of curing {unknown}


   Skills:
 * Level 3.4 Fighting
 + Level 2.4 Short Blades
 + Level 0.1 Throwing
 + Level 3.2 Armour
 + Level 0.3 Dodging
 * Level 0.6 Stealth
 + Level 3.0 Shields


You had 3 spell levels left.
You didn't know any spells.
Your spell library was empty.

Dungeon Overview and Level Annotations

Branches:
Dungeon (2/15)

Altars:


Innate Abilities, Weirdness & Mutations

You regenerate a little health from kills.
You sometimes gain a little power by taking damage.


Message History

You block the gnoll's attack. The gnoll hits you with a +0 flail.
* * * LOW HITPOINT WARNING * * *
You hit the gnoll.
The gnoll is severely wounded.
The gnoll closely misses you. The gnoll completely misses you.
You hit the gnoll.
You feel better.
You kill the gnoll!
The gnoll barely misses you.
You have reached level 4!
You feel agile.
You barely miss the gnoll. You block the gnoll's attack.
You barely miss the gnoll. The gnoll hits you with a +0 club.
* * * LOW HITPOINT WARNING * * *
You block the gnoll's attack.
You hit the gnoll.
You feel better.
The gnoll is lightly wounded.
The gnoll hits you with a +0 club.
* * * LOW HITPOINT WARNING * * *
The gnoll barely misses you.
You closely miss the gnoll.
The gnoll is lightly wounded.
The gnoll closely misses you. The gnoll hits you but does no damage.
You closely miss the gnoll.
The gnoll is lightly wounded.
You block the gnoll's attack.
The gnoll hits you from afar with a +0 spear.
* * * LOW HITPOINT WARNING * * *
You hit the gnoll.
You feel better.
The gnoll is moderately wounded.
The gnoll hits you but does no damage.
You hit the gnoll but do no damage.
The gnoll is moderately wounded.
The gnoll barely misses you. x2
You hit the gnoll.
You feel better.
The gnoll is severely wounded.
The gnoll barely misses you. x2
You hit the gnoll but do no damage.
The gnoll is severely wounded.
The gnoll hits you but does no damage. The gnoll hits you with a +0 club!
You die...

#.# #. #.# #.########
#.# #........# #.#
######........# #.#
#...g##.......####.####
#...gg@..........#.....
#....##..........)<....
#....##..........#.###.
#....##..........#...
#.....###†#......#.###
#.....# #.#......#.#
#g....# #.#...####.#
#.....# #.##### #.##
#.#######.########...


You could see 3 gnolls.

Vanquished Creatures
  A gnoll (D:2)
  An adder (D:2)
  A worm (D:2)
  2 endoplasms (D:1)
  3 giant cockroaches
  2 goblins
  3 hobgoblins (D:1)
  9 jackals (D:1)
  4 kobolds (D:1)
  4 quokkas
  6 ball pythons
  A bat (D:2)
  3 frilled lizards (D:1)
  3 rats (D:1)
43 creatures vanquished.

Notes
Turn   | Place    | Note
-------+----------+-------------------------------------------
     0 | D:1      | Kazon the Demonspawn Fighter began the quest for the Orb.
     0 | D:1      | Reached XP level 1. HP: 18/18 MP: 1/1
   208 | D:1      | Gained mutation: You sometimes gain a little power by
                  | taking damage. [demonic ancestry]
   208 | D:1      | Reached XP level 2. HP: 16/24 MP: 2/2
   479 | D:1      | Gained mutation: You regenerate a little health from kills.
                  | [demonic ancestry]
   479 | D:1      | Reached XP level 3. HP: 29/29 MP: 3/3
  1014 | D:2      | Reached XP level 4. HP: 11/35 MP: 4/4
  1022 | D:2      | Slain by a gnoll

Illustrated notes

Levels and vault maps discovered:
D:1:      scummos_arrival_simple_crosswalls, layout_basic, minmay_tripent
D:2:      layout_basic, shapermc_ecumenical_altar_totnotflames, uniq_jessica

Skill      XL: |  1  2 |
---------------+-------+-----
Armour         | 3 |  3.2
Short Blades   | 2 |  2.4
Shields        | 3 |  3.0
Fighting       | |  3.4
Throwing       | |  0.1
Dodging        | |  0.3
Stealth        | |  0.6

Action                   |  1- 3 |  4- 6 || total
-------------------------+-------+-------++-------
Melee: Dagger            |   165 |     9 ||   174
       Rapier            |     6 |       ||     6
Throw: Stone             |    40 |       ||    40
Armor: Scale mail        |    68 |     3 ||    71
Dodge: Dodged            |    52 |     6 ||    58
Block: Buckler           |    41 |     3 ||    44
